 Dungeon Crawl Stone Soup version 0.29.1-15-g9cfb28693d (webtiles) character file.

Game seed: 2309710526534674062

21 Demosthentine the Poker (level 2, -1/23 HPs)
             Began as a Demonspawn Gladiator on Apr 6, 2023.
             Slain by a phantom (3 damage)
             ... on level 2 of the Dungeon.
             The game lasted 00:00:59 (843 turns).

Demosthentine the Poker (Demonspawn Gladiator)       Turns: 843, Time: 00:00:59

Health: -1/23      AC:  5    Str: 14    XL:     2   Next: 65%
Magic:  2/2        EV: 12    Int:  9    God:
Gold:   72         SH:  4    Dex: 14    Spells: 1/1 levels left

rFire   . . .      SeeInvis .   a - +0 trident
rCold   . . .      Faith    .   (no shield)
rNeg    . . .      Spirit   .   b - +0 leather armour
rPois   .          Reflect  .   c - +1 helmet
rElec   .          Harm     .   (no cloak)
rCorr   .          Rampage  .   (no gloves)
Will    +....                   (no boots)
Stlth   +.........              (no amulet)
HPRegen 0.07/turn               h - ring of willpower
MPRegen 0.08/turn               (no ring)

@: no status effects
A: large bone plates 1
a: no special abilities


You were on level 2 of the Dungeon.
You visited 1 branch of the dungeon, and saw 2 of its levels.

You collected 72 gold pieces.

Inventory:

Hand Weapons
 a - a +0 trident (weapon)
Missiles
 d - 3 throwing nets (quivered)
 e - a javelin
Armour
 b - a +0 leather armour (worn)
 c - a +1 helmet (worn)
Jewellery
 h - a ring of willpower (left hand)
Potions
 j - a potion of cancellation


   Skills:
 + Level 2.3 Fighting
 + Level 3.0 Polearms
 - Level 1.7 Throwing
 + Level 0.9 Armour
 + Level 2.9 Dodging


You had one spell level left.
You didn't know any spells.
Your spell library was empty.

Dungeon Overview and Level Annotations

Branches:
Dungeon (2/15)

Altars:


Innate Abilities, Weirdness & Mutations

You are partially covered in large bone plates. (SH +4)


Message History

You closely miss the phantom.
The phantom is severely damaged.
The phantom barely misses you.
Unknown command.
You hit the phantom but do no damage.
The phantom is severely damaged.
The phantom hits you but does no damage.
Unknown command.
You closely miss the phantom.
The phantom is severely damaged.
The phantom hits you but does no damage.
Unknown command.
You barely miss the phantom.
The phantom is severely damaged.
The phantom misses you.
Unknown command.
You closely miss the phantom.
The phantom is severely damaged.
You block the phantom's attack.
Unknown command.
You hit the phantom.
The phantom is almost destroyed.
The phantom hits you.
The phantom blinks!
You blink.
The phantom hits you.
Unknown command.
You barely miss the phantom.
The phantom is almost destroyed.
The phantom hits you.
* * * LOW HITPOINT WARNING * * *
Unknown command.
You completely miss the phantom.
The phantom is almost destroyed.
You block the bat's attack. The phantom hits you.
* * * LOW HITPOINT WARNING * * *
The phantom blinks!
You blink.
Unknown command.
Okay, then.
You closely miss the phantom.
The phantom is almost destroyed.
The phantom hits you.
You die...

........##
.........#
.........###########
..........#........#
..................<#
.......[.##........#
...................#
##.......##.Wb.....#
#..........@..######
#.#............#
..############


You could see a phantom and a bat.

Vanquished Creatures
  3 endoplasms (D:1)
  A giant cockroach (D:1)
  A goblin (D:1)
  A hobgoblin (D:1)
  4 jackals (D:1)
  2 quokkas (D:1)
  3 ball pythons (D:1)
  A kobold (D:1)
  3 rats
19 creatures vanquished.

Notes
Turn   | Place    | Note
-------+----------+-------------------------------------------
     0 | D:1      | Demosthentine the Demonspawn Gladiator began the quest for
                  | the Orb.
     0 | D:1      | Reached XP level 1. HP: 16/16 MP: 1/1
    93 | D:1      | Found a faded altar of an unknown god.
   136 | D:1      | Gained mutation: You are partially covered in large bone
                  | plates. (SH +4) [demonic ancestry]
   136 | D:1      | Reached XP level 2. HP: 22/22 MP: 2/2
   818 | D:2      | Noticed a phantom
   831 | D:2      | Reached skill level 3 in Polearms
   843 | D:2      | Slain by a phantom

Illustrated notes

Levels and vault maps discovered:
D:1:      minmay_arrival_doors, layout_basic, hellmonk_ecumenical_altar_blasted,
          chequers_arboretum
D:2:      layout_rooms, minmay_randomly_rotated_circles

Skill      XL: |  1  2 |
---------------+-------+-----
Polearms       | 3 |  3.0
Fighting       | |  2.3
Throwing       | |  1.7
Armour         | |  0.9
Dodging        | |  2.9

Action                   || total
-------------------------++-------
Melee: Trident           ||    64
       Punch             ||     1
  Use: Scroll            ||     3
Armor: Leather armour    ||    21
Dodge: Dodged            ||    43
Block: Other             ||    10
